 Dungeon Crawl Stone Soup version 0.24.1 (webtiles) character file.

Game seed: 13352008931229948892, levelgen mode: deterministic

741 funkygono the Cudgeler (level 7, -4/44 HPs)
             Began as a Gargoyle Fighter on Mar 22, 2020.
             Slain by an orc warrior
             ... wielding a +0 hand axe
              (8 damage)
             ... on level 7 of the Dungeon.
             The game lasted 00:10:58 (3219 turns).

funkygono the Cudgeler (Gargoyle Fighter)           Turns: 3219, Time: 00:10:59

Health: -4/44      AC: 14    Str: 21    XL:     7   Next: 75%
Magic:  16/16      EV:  8    Int:  8    God:
Gold:   174        SH: 10    Dex: 10    Spells: 6/6 levels left

rFire    . . .     SeeInvis .   a - +2 flail
rCold    . . .     Gourm    .   c - +0 shield
rNeg     + . .     Faith    .   b - +0 scale mail
rPois    ∞         Spirit   .   (no helmet)
rElec    +         Reflect  .   l - +1 cloak
rCorr    .         Harm     .   (no gloves)
MR       +....                  (no boots)
Stlth    ..........             (no amulet)
HPRegen  0.14/turn              e - ring of protection from magic
MPRegen  0.15/turn              s - ring of magical power

@: no status effects
A: negative energy resistance 1, electricity resistance, unbreathing,
petrification resistance, rot immunity, AC +4
a: no special abilities


You were on level 7 of the Dungeon.
You were not hungry.

You visited 1 branch of the dungeon, and saw 5 of its levels.
You also visited: Bailey.

You collected 174 gold pieces.

Inventory:

Hand Weapons
 a - a +2 flail (weapon)
 v - a +2 quarterstaff of chaos
Missiles
 g - 165 stones (quivered)
 k - 42 sling bullets
 r - 22 bolts
Armour
 b - a +0 scale mail (worn)
 c - a +0 shield (worn)
 l - a +1 cloak (worn)
Jewellery
 e - a ring of protection from magic (left hand)
 s - a ring of magical power (right hand)
Scrolls
 m - a scroll of fear
 p - 2 scrolls of remove curse
 w - a scroll of teleportation
Potions
 d - 2 potions of might
 h - a potion of cancellation
 i - a potion of invisibility
 n - 2 potions of curing
 o - a potion of haste {unknown}
 q - a potion of lignification {unknown}
 t - a potion of mutation {unknown}
 u - 2 potions of heal wounds {unknown}
 x - a potion of resistance {unknown}
Comestibles
 f - 4 rations


   Skills:
 + Level 5.1 Fighting
 + Level 5.6 Maces & Flails
 + Level 4.4 Armour
 + Level 1.6 Dodging
 + Level 0.5 Stealth
 + Level 5.1 Shields


You had 6 spell levels left.
You didn't know any spells.
Your spell library was empty.

Dungeon Overview and Level Annotations

Branches:
Dungeon (7/15)             Bailey (visited)
 Temple: D:4-7

Altars:
Cheibriados
Ru
Sif Muna
Vehumet
Wu Jian


Innate Abilities, Weirdness & Mutations

You are resistant to torment.
Your stone body is resilient. (AC +4)
You are immune to poison.
You resist negative energy. (rN+)
You are resistant to electric shocks. (rElec)
You can survive without breathing.
You are immune to petrification.
You are immune to rotting.


Message History

The orc warrior is moderately wounded.
The orc warrior hits you with a +0 hand axe.
* * * LOW HITPOINT WARNING * * *
You completely miss the orc warrior.
The orc warrior is moderately wounded.
You block the orc warrior's attack.
You closely miss the orc warrior.
The orc warrior is moderately wounded.
You block the orc warrior's attack.
You sock the orc warrior!
The orc warrior is almost dead.
The orc warrior hits you with a +0 hand axe.
* * * LOW HITPOINT WARNING * * *
You completely miss the orc warrior.
The orc warrior is almost dead.
The orc warrior barely misses you.
You closely miss the orc warrior.
The orc warrior is almost dead.
The orc warrior hits you with a +0 hand axe!
You die...

######### #.....#
#.......####.####
#........##..######
.#
#........8......!.#
..
#.................#
##
#.....8.....8.....##
###.#...............
#.#...o.....###.##
#.#8...@)..8#.....
#.#...............
#(#...............
#.8.....8.#.....
#.........#.....
+....8....+ ....
#.........# ...
#.........# ...
............#


You could see an orc warrior.

Vanquished Creatures
  A water moccasin (D:7)
  2 orc warriors
  A sky beast (D:4)
  A centaur (D:7)
  Crazy Yiuf (D:2)
  An orc wizard (D:3)
  An orc priest (D:7)
  Jessica (D:3)
  Terence (D:2)
  A worker ant zombie (D:7)
  2 adders
  3 gnolls (D:7)
  A shadow imp (D:7)
  2 worms (D:2)
  3 dart slugs
  2 leopard geckos
  8 orcs
  3 giant cockroaches (D:1)
  6 goblins
  4 hobgoblins
  2 quokkas
  A ball python (D:1)
  7 bats
  3 frilled lizards
  2 kobolds
  6 rats
66 creatures vanquished.

Notes
Turn   | Place    | Note
-------+----------+-------------------------------------------
     0 | D:1      | funkygono the Gargoyle Fighter began the quest for the Orb.
     0 | D:1      | Reached XP level 1. HP: 14/14 MP: 1/1
   206 | D:1      | Reached XP level 2. HP: 19/19 MP: 2/2
  1059 | D:2      | Noticed Terence
  1091 | D:2      | Killed Terence
  1091 | D:2      | Reached XP level 3. HP: 9/23 MP: 3/3
  1390 | D:2      | Reached XP level 4. HP: 25/28 MP: 4/4
  1488 | D:2      | Found an ornate altar of the Wu Jian Council.
  1631 | D:2      | Found a runed translucent door.
  1632 | D:2      | Noticed Crazy Yiuf
  1641 | D:2      | Killed Crazy Yiuf
  1765 | D:2      | Found a radiant altar of Vehumet.
  1765 | D:2      | Found a sacrificial altar of Ru.
  2065 | D:3      | Reached XP level 5. HP: 33/33 MP: 5/5
  2066 | D:3      | Found a shimmering blue altar of Sif Muna.
  2098 | D:3      | Noticed Jessica
  2106 | D:3      | Killed Jessica
  2148 | D:3      | Found a snail-covered altar of Cheibriados.
  2476 | D:3      | Found a shimmering blue altar of Sif Muna.
  2665 | D:4      | Noticed a sky beast
  2669 | D:4      | Killed a sky beast
  2669 | D:4      | Reached XP level 6. HP: 39/39 MP: 6/6
  2721 | D:4      | You fall into a shaft and drop 3 floors!
  2722 | D:7      | Noticed a water moccasin
  2749 | D:7      | Killed a water moccasin
  2749 | D:7      | Reached skill level 1 in Dodging
  2833 | D:7      | Reached XP level 7. HP: 40/44 MP: 7/7
  2854 | D:7      | Found a flagged portal.
  2882 | D:7      | Reached skill level 5 in Maces & Flails
  2949 | Bailey   | Entered a bailey
  3051 | Bailey   | Reached skill level 5 in Fighting
  3051 | Bailey   | Reached skill level 5 in Shields
  3219 | D:7      | Slain by an orc warrior

Levels and vault maps discovered:
D:1:      wander_arrival_abandoned_jail, layout_basic, minmay_misc_feat_x
D:2:      layout_rooms, lemuel_doored_altar, gammafunk_temple_overflow_elements,
          uniq_terence, uniq_crazy_yiuf_cottage
D:3:      layout_loops_ring, lemuel_crystal_altar, kennysheep_slug_shrine,
          first_ration, led_sif_book, uniq_jessica
D:4:      black_bear_nest_1, layout_loops_cross, lemuel_crystal_altar,
          uniq_menkaure
D:7:      layout_basic, enter_bailey_6, serial_shops, nicolae_shop_stone,
          ebering_ghost_inner_flame, grunt_livestock

Skill      XL: |  1  2  3  4  5  6  7 |
---------------+----------------------+-----
Shields        | 4 5 |  5.1
Maces & Flails | 3 4 5 |  5.6
Armour         | 4 |  4.4
Fighting       | 4 5 |  5.1
Dodging        | 1 |  1.6
Stealth        | |  0.5

Action                   |  1- 3 |  4- 6 |  7- 9 || total
-------------------------+-------+-------+-------++-------
Melee: Flail             |   102 |   126 |    48 ||   276
Throw: Stone             |       |     3 |       ||     3
  Use: Scroll            |     5 |     8 |       ||    13
 Stab: Invisible         |       |     1 |       ||     1
  Eat: Chunk             |     2 |     3 |       ||     5
       Ration            |       |     1 |       ||     1
Armor: Scale mail        |    53 |    72 |    25 ||   150
Dodge: Dodged            |    38 |    35 |    32 ||   105
Block: Shield            |    54 |    63 |    59 ||   176
